 Dungeon Crawl Stone Soup version 0.31-a0-115-g4708a659fe (webtiles) character file.

Game seed: 13428158563062603652

5860 gelatine the Cleaver (level 10, -11/77 HPs)
             Began as a Demonspawn Fighter on May 30, 2023.
             Was a Believer of Makhleb.
             Killed from afar by an acid dragon (26 damage)
             ... with a splash of acid
             ... on level 9 of the Dungeon.
             The game lasted 00:22:25 (8435 turns).

gelatine the Cleaver (Demonspawn Fighter)           Turns: 8435, Time: 00:22:25

Health: -11/77     AC:  9    Str: 20    XL:     10   Next: 52%
Magic:  12/12      EV: 18    Int: 10    God:    Makhleb [**....]
Gold:   470        SH: 10    Dex: 13    Spells: 9/9 levels left

rFire   + . .        a - +0 war axe
rCold   . . .        c - +1 buckler
rNeg    . . .        n - +0 steam dragon scales
rPois   .            j - +1 helmet
rElec   .            (no cloak)
rCorr   .            (no gloves)
SInv    .            (no boots)
Will    .....        O - amulet of magic regeneration
Stlth   ++           y - +4 ring of slaying
HPRegen 0.32/turn    l - ring of protection from fire
MPRegen 0.53/turn

%: no passive effects
@: agile, corroded, sanguine armoured
A: claws 1, icemail 1, powered by pain 1, sanguine armour 2, condensation shield
a: Renounce Religion, Minor Destruction


You were on level 9 of the Dungeon.
You worshipped Makhleb.
Makhleb was pleased with you.
You visited 2 branches of the dungeon, and saw 10 of its levels.
You also visited: Ossuary.

You collected 540 gold pieces.
You spent 70 gold pieces at shops.

Inventory:

Hand Weapons
 a - a +0 war axe (weapon)
 x - the +6 quarterstaff "Fafinkus" {protect, Str+6 Dex+2}
   (You found it on level 4 of the Dungeon)

   Str:       It affects your strength (+6).
   Dex:       It affects your dexterity (+2).
Armour
 c - a +1 buckler (worn)
 e - a +1 robe of willpower
 j - a +1 helmet (worn)
 n - +0 steam dragon scales (worn)
 J - a +0 scale mail of poison resistance
Jewellery
 g - a ring of magical power
 l - a ring of protection from fire (right claw)
 m - a ring of wizardry
 r - a ring of see invisible
 y - a +4 ring of slaying (left claw)
 I - a ring of poison resistance
 O - an amulet of magic regeneration (around neck)
Wands
 d - a wand of charming (7)
 p - a wand of roots (9)
 B - a wand of polymorph (4)
 D - a wand of mindburst (14)
 E - a wand of flame (10)
 H - a wand of light (9)
Scrolls
 f - 6 scrolls of teleportation
 h - 3 scrolls of enchant armour
 i - 2 scrolls of vulnerability
 k - 2 scrolls of immolation
 v - a scroll of enchant weapon
 w - 2 scrolls of magic mapping
 z - 4 scrolls of fog
 C - 2 scrolls of poison
 F - a scroll of noise {unknown}
 L - a scroll of torment {unknown}
 N - a scroll of brand weapon {unknown}
Potions
 b - a potion of enlightenment {unknown}
 o - a potion of haste {unknown}
 q - 4 potions of brilliance
 s - 3 potions of curing
 t - 2 potions of magic
 u - 2 potions of cancellation
 A - 2 potions of attraction
 G - a potion of lignification {unknown}
 M - a potion of mutation {unknown}
 P - a potion of berserk rage {unknown}


   Skills:
 * Level 6.6 Fighting
 * Level 9.3 Axes
 * Level 4.4 Throwing
 * Level 6.0 Armour
 * Level 3.8 Dodging
 + Level 1.1 Stealth
 * Level 4.9 Shields
 * Level 3.1 Invocations
 * Level 2.7 Evocations


You had 9 spell levels left.
You didn't know any spells.
Your spell library contained the following spells:

 Spells                   Type           Power      Damage    Failure   Level
 Apportation              Tloc           0%         N/A       43%         1
 Sandblast                Erth           0%         2d4       43%         1
 Slow                     Hex            0%         N/A       43%         1
 Summon Small Mammal      Summ           0%         N/A       43%         1
 Passwall                 Tmut/Erth      0%         N/A       56%         2
 Call Canine Familiar     Summ           0%         N/A       80%         3
 Confusing Touch          Hex            0%         N/A       80%         3
 Hailstorm                Conj/Ice       0%         3d3       80%         3
 Portal Projectile        Hex/Tloc       0%         N/A       80%         3
 Stone Arrow              Conj/Erth      0%         3d7       80%         3
 Summon Guardian Golem    Hex/Summ       0%         N/A       80%         3
 Vampiric Draining        Necr           0%         2d6       80%         3
 Ice Form                 Ice/Tmut       0%         N/A       99%         4
 Leda's Liquefaction      Hex/Erth       0%         N/A       99%         4
 Alistair's Intoxication  Tmut/Pois      0%         N/A       100%        5
 Simulacrum               Ice/Necr       0%         N/A       100%        6


Dungeon Overview and Level Annotations

Branches:
Dungeon (9/15)             Temple (1/1) D:5            Lair (0/5) D:8
Ossuary (visited)
    Orc: D:9-12

Altars:
Dithmenos
Fedhas
Gozag
Hepliaklqana
Makhleb
Nemelex Xobeh
Ru
Sif Muna
Uskayaw
Vehumet
Wu Jian
Xom
Yredelemnul

Shops:
D:4 :(!


Innate Abilities, Weirdness & Mutations

You have sharp fingernails.
A meltable icy envelope protects you from harm. (AC +4)
You sometimes gain a little power by taking damage.
When seriously injured, your blood forms thick armour. (AC +9)
A meltable shield of frost defends you. (SH +4)


Message History

The acid dragon roars!
The acid dragon spits acid at you. The splash of acid hits you!!
You focus on the pain.
You feel agile all of a sudden. The acid corrodes you!
Found a plate armour.
You throw a throwing net. The throwing net hits the acid dragon.
The acid dragon is caught in the net!
The acid dragon spits acid at you. The splash of acid hits you!!
Your blood congeals into armour.
The acid corrodes you!
The acid dragon struggles against the net.
The acid dragon struggles against the net.
The acid dragon struggles against the net.
You hit the acid dragon but do no damage.
The acid dragon spits acid at you. The splash of acid hits you.
The acid corrodes you!
The acid dragon struggles against the net.
You hit the acid dragon but do no damage.
You slash the acid dragon!
The acid dragon is moderately wounded.
The acid dragon struggles against the net.
The net rips apart, and the acid dragon comes free!
You hit the acid dragon.
The acid dragon is moderately wounded.
The acid dragon barely misses you. The acid dragon completely misses you.
You slash the acid dragon!
The acid dragon is severely wounded.
The acid dragon bites you.
The acid dragon claws you but does no damage.
You hit the acid dragon but do no damage.
The acid dragon is severely wounded.
The acid dragon bites you!
* * * LOW HITPOINT WARNING * * *
The acid dragon completely misses you.
You barely miss the acid dragon.
The acid dragon is severely wounded.
The acid dragon spits acid at you. The splash of acid hits you!!
You die...

....# #..# ###.#.#
#..# #...#.# #..#
+.....####..#####.#
...#..?##........#
##.#.#.#..########
#........##
#.....#### #.@.###
#...D#.# #...##.#
#.... ..# ..... ###
..... ####


You could see an acid dragon (catching breath).

Vanquished Creatures
  Pikel (D:6)
  A kobold demonologist (D:8)
  A shadow (D:9)
  3 wyverns (D:8)
  4 yaks (D:8)
  Eustachio (D:6)
  3 steam dragons
  A basilisk (D:8)
  Menkaure (D:6)
  4 water moccasins
  An ice beast (D:7)
  2 sky beasts
  An orc warrior (D:6)
  An ogre (D:5)
  A phantom (D:5)
  A centaur (D:8)
  Blork the orc (D:6)
  An elf zombie (Ossuary)
  3 bullfrogs
  A gnoll sergeant (D:8)
  6 scorpions
  2 troll zombies (Ossuary)
  2 howler monkeys
  A centaur zombie (Ossuary)
  9 orc priests
  3 gnoll boudas
  3 hounds
  4 iguanas
  A sleepcap (D:5)
  3 orc wizards
  2 ogre zombies (Ossuary)
  7 mummies (Ossuary)
  18 gnolls
  5 adders
  3 shadow imps
  3 white imps
  3 ufetubi
  3 adder zombies (Ossuary)
  3 worms (D:2)
  2 dart slugs
  34 orcs
  6 endoplasms
  A giant cockroach (D:1)
  A gnoll zombie (Ossuary)
  3 goblins
  9 hobgoblins
  9 jackals
  5 kobolds
  3 quokkas
  7 ball pythons
  13 bats
  2 frilled lizards
  7 goblin zombies (Ossuary)
  6 kobold zombies (Ossuary)
  An orc zombie (Ossuary)
  4 quokka zombies (Ossuary)
  5 rats
  2 rat zombies (Ossuary)
234 creatures vanquished.

Notes
Turn   | Place    | Note
-------+----------+-------------------------------------------
     0 | D:1      | gelatine the Demonspawn Fighter began the quest for the
                  | Orb.
     0 | D:1      | Reached XP level 1. HP: 18/18 MP: 1/1
   312 | D:1      | Gained mutation: When seriously injured, your blood forms
                  | armour. (AC +9) [demonic ancestry]
   312 | D:1      | Reached XP level 2. HP: 24/24 MP: 2/2
   323 | D:1      | Reached skill level 2 in Axes
   778 | D:2      | Reached XP level 3. HP: 27/29 MP: 3/3
   885 | D:2      | Gained mutation: A meltable shield of frost defends you.
                  | (SH +4) [demonic ancestry]
   885 | D:2      | Reached XP level 4. HP: 34/35 MP: 4/4
  1549 | D:3      | Reached skill level 3 in Axes
  1549 | D:3      | Gained mutation: When seriously injured, your blood forms
                  | thick armour. (AC +9) [demonic ancestry]
  1549 | D:3      | Reached XP level 5. HP: 17/42 MP: 5/5
  1689 | D:3      | Reached skill level 1 in Dodging
  2344 | D:4      | Found Pikhe's Distillery.
  2352 | D:4      | Bought a potion of heal wounds for 70 gold pieces
  2367 | D:4      | Found a sparkling altar of Nemelex Xobeh.
  2387 | D:4      | Reached skill level 1 in Throwing
  2443 | D:4      | Found Gicu Sax's Weapon Boutique.
  2455 | D:4      | Found a sand-covered staircase.
  2460 | Ossuary  | Entered an ossuary
  2512 | Ossuary  | Gained mutation: You sometimes gain a little power by
                  | taking damage. [demonic ancestry]
  2512 | Ossuary  | Reached XP level 6. HP: 47/48 MP: 6/6
  2805 | Ossuary  | Reached skill level 4 in Axes
  2993 | Ossuary  | Gained mutation: A meltable icy envelope protects you from
                  | harm. (AC +4) [demonic ancestry]
  2993 | Ossuary  | Reached XP level 7. HP: 54/54 MP: 7/7
  3318 | D:4      | Found Qitesm's Book Shoppe.
  3465 | D:4      | Identified the +6 quarterstaff "Fafinkus" {protect, Str+6
                  | Dex+2}
  3825 | D:5      | Entered Level 5 of the Dungeon
  3837 | D:5      | Reached skill level 5 in Axes
  4024 | D:5      | HP: 2/55 [ogre/+0 giant club (23)]
  4287 | D:5      | Found a staircase to the Ecumenical Temple.
  4293 | Temple   | Entered the Ecumenical Temple
  4480 | D:5      | Gained mutation: You have sharp fingernails. [demonic
                  | ancestry]
  4480 | D:5      | Reached XP level 8. HP: 61/61 MP: 8/8
  4499 | D:5      | Found a burning altar of Makhleb.
  4730 | D:5      | Became a worshipper of Makhleb the Destroyer
  4834 | D:5      | Reached skill level 6 in Axes
  4978 | D:6      | Noticed Menkaure
  4982 | D:6      | Killed Menkaure
  4998 | D:6      | Noticed Blork the orc
  5006 | D:6      | Killed Blork the orc
  5195 | D:6      | Reached skill level 5 in Armour
  5195 | D:6      | Noticed Eustachio
  5211 | D:6      | Killed Eustachio
  5212 | D:6      | Reached skill level 5 in Fighting
  5212 | D:6      | Reached skill level 7 in Axes
  5291 | D:6      | Reached XP level 9. HP: 60/68 MP: 9/9
  5352 | D:6      | Reached * piety under Makhleb
  5601 | D:6      | Noticed Pikel
  5628 | D:6      | Killed Pikel
  5629 | D:6      | Reached skill level 1 in Invocations
  5729 | D:6      | Reached skill level 1 in Evocations
  5743 | D:6      | Found an ornate altar of the Wu Jian Council.
  5863 | D:6      | Found a basalt altar of Yredelemnul.
  6236 | D:7      | Reached skill level 8 in Axes
  7108 | D:7      | Reached ** piety under Makhleb
  7411 | D:8      | Noticed a kobold demonologist
  7424 | D:8      | Noticed a smoke demon
  7425 | D:8      | Noticed a red devil
  7427 | D:8      | Noticed a red devil
  7427 | D:8      | Killed a kobold demonologist
  7428 | D:8      | Reached skill level 1 in Stealth
  7571 | D:8      | Reached XP level 10. HP: 35/76 MP: 11/11
  7607 | D:8      | Reached skill level 9 in Axes
  7619 | D:8      | Found a staircase to the Lair.
  7768 | D:8      | Found a shimmering altar of Xom.
  8435 | D:9      | Killed from afar by an acid dragon

Illustrated notes

Levels and vault maps discovered:
D:1:      amcnicky_arrival_gap_in_the_tavern_cellar, layout_basic,
          kennysheep_minor_cross
D:2:      layout_basic
D:3:      layout_basic
D:4:      layout_basic, nemelex_dance_club_becter, serial_shops, shop, shop,
          nicolae_diamond_shop, lightli_ossuary_entry_decrepit_ruins,
          corexii_leaking_fountain
D:5:      old_forge, layout_rooms, lemuel_coloured_pillars_altar,
          nicolae_overflow_hidden_temple, minmay_temple_entry_fiery,
          kennysheep_generic_room_14
D:6:      minmay_inner_zag, layout_loops_ring, mainiacjoe_overflow_tiny_flanked,
          nicolae_wu_jian_wuxing_cycle, nicolae_grassy_gnolls,
          uniq_blork_the_orc, uniq_menkaure, uniq_eustachio, uniq_pikel
D:7:      layout_basic, kennysheep_generic_room_4
D:8:      layout_rooms, old_standard_altar, minmay_lair_entry_grove
D:9:      layout_long_grid, mainiacjoe_overflow_six_doors_small,
          evilmike_ruin_ashenzari, hangedman_fish_farm
Temple:   dpeg_three_leaves_temple

Skill      XL: |  1  2  3  4  5  6  7  8  9 10 |
---------------+-------------------------------+-----
Axes           | 2 3 4 5 7 8 9 |  9.3
Armour         | 3 4 5 6 |  6.0
Shields        | 3 4 |  4.9
Dodging        | 1 2 3 |  3.8
Throwing       | 1 2 3 4 |  4.4
Fighting       | 4 5 6 |  6.6
Invocations    | 2 3 |  3.1
Evocations     | 2 |  2.7
Stealth        | 1 |  1.1

Action                     |  1- 3 |  4- 6 |  7- 9 | 10-12 || total
---------------------------+-------+-------+-------+-------++-------
  Melee: War axe           |    83 |   215 |   443 |    92 ||   833
  Throw: Boomerang         |    12 |    11 |       |       ||    23
         Throwing net      |       |       |       |     2 ||     2
  Evoke: Wand              |       |     3 |     1 |       ||     4
    Use: Scroll            |       |     7 |     7 |       ||    14
         Potion            |       |     3 |     3 |       ||     6
   Stab: Sleeping          |       |       |     5 |       ||     5
 Armour: Scale mail        |    48 |    20 |       |       ||    68
         Robe              |       |    51 |    72 |       ||   123
         Steam dragon scal |       |       |    28 |    37 ||    65
  Dodge: Dodged            |    27 |   111 |   183 |    39 ||   360
  Block: Buckler           |    22 |   116 |   201 |    37 ||   376

Table legend: (Time is in decaauts)
 A = Elapsed time spent in this place.
 B = Non-inter-level travel time spent in this place.
 C = Inter-level travel time spent in this place.
 D = Time resting spent in this place.
 E = Time spent auto-exploring this place.
 F = Levels seen in this place.
 G = Mean time per level.
                   A        B        C        D        E       F      G
               +--------+--------+--------+--------+--------+-----+--------+
         Total |   8657 |   8300 |    357 |      0 |   6002 |  11 |  787.0 |
       Dungeon |   7727 |   7370 |    357 |      0 |   5521 |   9 |  858.6 |
        Temple |     81 |     81 |      0 |      0 |     58 |   1 |   81.0 |
       Ossuary |    848 |    848 |      0 |      0 |    423 |   1 |  848.0 |
               +--------+--------+--------+--------+--------+-----+--------+

Top non-repeatable levels by time:
     D:6: 1270 daAuts
     D:7: 1187 daAuts
     D:5: 1096 daAuts
 Ossuary: 848 daAuts
     D:3: 799 daAuts
     D:4: 795 daAuts
     D:1: 787 daAuts
     D:8: 785 daAuts
     D:2: 749 daAuts
     D:9: 255 daAuts
  Temple: 81 daAuts
